 Dungeon Crawl Stone Soup version 0.26.1-11-gd32895ea62 (webtiles) character file.

Game seed: 7084971178220844799

20 Descartes the Grasshopper (level 2, -3/14 HPs)
             Began as a Spriggan Warper on May 7, 2021.
             Slain by a worm (6 damage)
             ... on level 2 of the Dungeon.
             The game lasted 00:01:41 (2066 turns).

Descartes the Grasshopper (Spriggan Warper)         Turns: 2066, Time: 00:01:42

Health: -3/14      AC:  2    Str:  7    XL:     2   Next: 58%
Magic:  15/15      EV: 19    Int: 14    God:
Gold:   0          SH:  0    Dex: 15    Spells: 6/6 levels left

rFire    . . .     SeeInvis +   a - +0 short sword
rCold    . . .     Faith    .   (shield restricted)
rNeg     . . .     Spirit   .   b - +0 robe
rPois    +         Reflect  .   (helmet restricted)
rElec    .         Harm     .   (no cloak)
rCorr    .         Rampage  .   (gloves unavailable)
Will     .....                  (boots unavailable)
Stlth    ++........             (no amulet)
HPRegen  0.04/turn              j - ring of magical power
MPRegen  0.14/turn              l - ring of poison resistance

@: very quick
A: very small, unfitting armour, see invisible, speed 3
a: no special abilities


You were on level 2 of the Dungeon.
You visited 1 branch of the dungeon, and saw 2 of its levels.

Inventory:

Hand Weapons
 a - a +0 short sword (weapon)
Missiles
 e - 5 boomerangs of dispersal (quivered)
 f - 27 stones
 m - 16 arrows
Armour
 b - a +0 robe (worn)
Jewellery
 j - a ring of magical power (left hand)
 l - a ring of poison resistance (right hand)
Scrolls
 d - a scroll of blinking
 g - a scroll of remove curse {unknown}
 h - a scroll of amnesia {unknown}
 i - a scroll of noise {unknown}
 k - a scroll of enchant armour {unknown}
 n - a scroll of immolation {unknown}
Potions
 c - a potion of mutation {unknown}


   Skills:
 - Level 1.5 Fighting
 + Level 2.7 Short Blades
 - Level 1.0 Throwing
 + Level 4.1 Dodging
 + Level 2.1 Stealth
 - Level 2.6 Spellcasting
 - Level 4.4 Translocations


You had 6 spell levels left.
You didn't know any spells.
Your spell library contained the following spells:

 Spells                   Type           Power        Failure   Level
 Blink                    Tloc           N/A          5%          2
 Gell's Gravitas          Tloc           7%           11%         3
 Lesser Beckoning         Tloc           7%           11%         3
 Teleport Other           Tloc           14%          11%         3
 Passage of Golubria      Tloc           N/A          36%         4


Dungeon Overview and Level Annotations

Branches:
Dungeon (2/15)

Altars:
Ashenzari


Innate Abilities, Weirdness & Mutations

You are very small and have problems with some larger weapons.
You are too small for most types of armour.
You have supernaturally acute eyesight. (SInv)
You cover ground extremely quickly.


Message History

You are too injured to fight recklessly!
You are too injured to fight recklessly!
You hit the worm but do no damage. You hit the worm.
The worm is lightly wounded.
The worm closely misses you.
You hit the worm.
The worm is lightly wounded.
You barely miss the worm.
The worm is lightly wounded.
The worm completely misses you.
You hit the worm.
The worm is lightly wounded.
You hit the worm.
The worm is moderately wounded.
The worm closely misses you.
You hit the worm.
The worm is moderately wounded.
The worm bites you.
You die...

... #.. #.# ### #.#
#...##.. #.# # .#...##.#
#..####.##.#..#...##.#
#......w......#...##.#
##.####@##.#.##...##<##
....(......#.##...#...##
##.####.####.##....###.#
#...>..###...#)...# #..
######.##..#....#.###.#
#....###...##...##
#.##..#...####.##
#.###...#.# #.# #.#
##.##.# #.#


You could see a worm.

Vanquished Creatures
  An ooze (D:1)
  2 giant cockroaches (D:1)
  A hobgoblin (D:1)
  4 bats (D:1)
  A frilled lizard (D:1)
  2 goblins (D:1)
  4 kobolds (D:1)
  3 rats (D:1)
18 creatures vanquished.

Notes
Turn   | Place    | Note
-------+----------+-------------------------------------------
     0 | D:1      | Descartes the Spriggan Warper began the quest for the Orb.
     0 | D:1      | Reached XP level 1. HP: 10/10 MP: 5/5
    34 | D:1      | Found a broken altar of Ashenzari.
   222 | D:1      | Reached skill level 1 in Stealth
   674 | D:1      | Reached XP level 2. HP: 13/14 MP: 6/6
  2066 | D:2      | Slain by a worm

Illustrated notes

Levels and vault maps discovered:
D:1:      zaba_arrival_water, layout_loops_corners,
          chequers_serial_rivers_small_3, evilmike_ruin_ashenzari
D:2:      layout_loops_ring

Skill      XL: |  1  2 |
---------------+-------+-----
Stealth        | 1 2 |  2.1
Dodging        | 4 |  4.1
Fighting       | |  1.5
Short Blades   | |  2.7
Throwing       | |  1.0
Spellcasting   | |  2.6
Translocations | |  4.4

Action                   || total
-------------------------++-------
Melee: Short sword       ||    89
 Stab: Sleeping          ||     3
Armor: Robe              ||     3
Dodge: Dodged            ||    70
